 Dungeon Crawl Stone Soup version 0.20.0-9-g8272e65 (webtiles) character file.

220 Manul the Ducker (level 5, -1/42 HPs)
             Began as a Spriggan Abyssal Knight on June 3, 2017.
             Was a Believer of Lugonu.
             Killed from afar by Minion's ghost (20 damage)
             ... with a shard of ice
             ... on level 4 of the Dungeon.
             The game lasted 00:03:56 (4257 turns).

Manul the Ducker (Spriggan Abyssal Knight)          Turns: 4257, Time: 00:03:57

Health: -1/42      AC: 22    Str: 11 (13) XL:     5   Next: 64%
Magic:  7/7        EV:  4    Int: 11 (13) God:    Lugonu [**....]
Gold:   123        SH:  0    Dex: 16 (17) Spells: 4/4 levels left

rFire    . . .     SeeInvis +   e - +2 whip (distort)
rCold    . . .     Gourm    .   (shield restricted)
rNeg     + + +     Faith    .   (armour currently unavailable)
rPois    +         Spirit   .   (helmet currently unavailable)
rElec    .         Reflect  .   (cloak currently unavailable)
rCorr    .         Harm     .   (gloves unavailable)
MR       +....     NoTele   +   (boots unavailable)
Stlth    ++........             (no amulet)
Regen    0.2/turn               p - ring of protection from magic
MPRegen  0.1/turn               (no ring)

@: mighty, tree-form
A: unfitting armour, see invisible, herbivore 3, slow metabolism 2
a: Depart the Abyss, Bend Space, Renounce Religion


You were on level 4 of the Dungeon.
You worshipped Lugonu.
Lugonu was pleased with you.
You were very hungry.
You were a tree.
You visited 1 branch of the dungeon, and saw 4 of its levels.
You visited the Abyss 1 time.

You collected 123 gold pieces.

Inventory:

Hand Weapons
 a - a +1 short sword
 e - a +2 whip of distortion (weapon)
Armour
 b - a +0 robe (melded)
Jewellery
 p - a ring of protection from magic (left branch)
Wands
 q - a wand of lightning (2/15)
Scrolls
 d - a scroll of fear {unknown}
 f - a scroll of magic mapping {unknown}
 g - a scroll of remove curse {unknown}
 j - a scroll of identify
 k - 3 scrolls of teleportation {unknown}
Potions
 i - a potion of lignification
 n - a potion of might
Comestibles
 c - 6 bread rations
 h - 3 royal jellies


   Skills:
 + Level 3.2 Fighting
 - Level 2.2 Short Blades
 * Level 2.4 Maces & Flails
 + Level 4.5 Dodging
 + Level 3.2 Stealth
 * Level 2.3 Invocations


You had 4 spell levels left.
You didn't know any spells.

Dungeon Overview and Level Annotations

Branches:
Dungeon (4/15)
 Temple: D:4-7

Altars:
Elyvilon
Hepliaklqana
Sif Muna

Annotations:
D:3 2 transporters
D:4 Minion's ghost, amateur DrIE; Pikel


Innate Abilities, Weirdness & Mutations

You are very small and have problems with some larger weapons.
You are too small for most types of armour.
You have supernaturally acute eyesight. (SInv)
You are a herbivore.
((You cover ground extremely quickly.))
You need consume almost no food.


Message History

Minion's ghost hits you but does no damage.
You barely miss Minion's ghost.
Minion's ghost is heavily damaged.
Minion's ghost hits you but does no damage.
You closely miss Minion's ghost.
Minion's ghost is heavily damaged.
Minion's ghost hits you but does no damage.
You miss Minion's ghost.
Minion's ghost is heavily damaged.
Minion's ghost hits you.
* * * LOW HITPOINT WARNING * * *
You miss Minion's ghost.
Minion's ghost is heavily damaged.
Minion's ghost gestures at you while chanting.
The puff of frost misses you.
Unknown command.
You feel better.
Minion's ghost gestures at you while chanting.
Helpless, you fail to dodge the shard of ice.
You die...

#..## #..........# #..##
......(...# ###....
##.......)..###......
#...........#.......#
#...................#
#............<......#
#...........#........
#...♣.....a.........#
##..W.......#########
######.......#...#####..
#......#####.# #..#....#
##......# # ##...####
#......!# ##......
#.......# #.#....
#.###.....?... #.#)### #
##.!#...## #...# #


You could see a worker ant and Minion's ghost.

Vanquished Creatures
  A slave (D:4)
  A howler monkey (D:3)
  Natasha (twice) (D:2)
  5 adders
  2 worms
  4 dart slugs
  2 leopard geckos (D:3)
  A ball python (D:2)
  9 bats
  5 giant cockroaches
  4 goblins
  7 hobgoblins
  8 jackals
  8 kobolds
  2 frilled lizards (D:1)
  10 rats
71 creatures vanquished.

Vanquished Creatures (others)
  A worm (D:2)
  A giant cockroach (D:1)
2 creatures vanquished.

Grand Total: 73 creatures vanquished

Notes
Turn   | Place    | Note
-------+----------+-------------------------------------------
     0 | Abyss:1  | Manul the Spriggan Abyssal Knight began the quest for the Orb.
     0 | Abyss:1  | Reached XP level 1. HP: 11/11 MP: 3/3
     0 | Abyss:1  | Found a corrupted altar of Lugonu.
    55 | Abyss:1  | Noticed a smoke demon
    57 | Abyss:1  | Noticed a sixfirhy
    58 | Abyss:1  | Noticed a raiju
    63 | D:1      | Escaped the Abyss
   162 | D:1      | Reached * piety under Lugonu
   192 | D:1      | Reached XP level 2. HP: 14/16 MP: 4/4
   289 | D:1      | Reached skill level 4 in Dodging
   697 | D:1      | Reached XP level 3. HP: 19/19 MP: 5/5
   975 | D:2      | Reached skill level 1 in Maces & Flails
   986 | D:2      | Noticed Natasha
   998 | D:2      | Killed Natasha
   998 | D:2      | Reached skill level 1 in Stealth
  1026 | D:2      | Reached XP level 4. HP: 17/23 MP: 6/6
  2054 | D:2      | Noticed Natasha
  2063 | D:2      | Killed Natasha
  2698 | D:3      | Reached XP level 5. HP: 28/28 MP: 7/7
  2709 | D:3      | Reached ** piety under Lugonu
  2771 | D:3      | Noticed a sky beast
  2772 | D:3      | Found a transporter.
  2787 | D:3      | Found a hazy altar of Hepliaklqana.
  2789 | D:3      | Noticed a yak
  2795 | D:3      | Found a transporter.
  2849 | D:3      | Found a white marble altar of Elyvilon.
  3112 | D:4      | Noticed Minion's ghost (amateur DrIE)
  3569 | D:4      | Found a deep blue altar of Sif Muna.
  3639 | D:4      | Noticed Pikel
  3639 | D:4      | Noticed a slave
  3639 | D:4      | Noticed a slave
  3640 | D:4      | Noticed a slave
  3641 | D:4      | Noticed a slave
  3656 | D:4      | Killed a slave
  4257 | D:4      | Killed from afar by Minion's ghost

Skill      XL: |  1  2  3  4  5 |
---------------+----------------+-----
Dodging        | 4 |  4.5
Invocations    | 2 |  2.3
Maces & Flails | 1 2 |  2.4
Stealth        | 1 2 3 |  3.2
Fighting       | 3 |  3.2
Short Blades   | |  2.2

Action                   |  1- 3 |  4- 6 || total
-------------------------+-------+-------++-------
Melee: Whip              |    84 |   116 ||   200
Invok: Depart the Abyss  |     1 |       ||     1
Evoke: Wand              |       |     2 ||     2
  Use: Potion            |       |     6 ||     6
       Scroll            |       |     3 ||     3
 Stab: Sleeping          |     5 |     7 ||    12
Armor: Robe              |     4 |     6 ||    10
       Skin              |       |     8 ||     8
Dodge: Dodged            |    68 |    83 ||   151
